 Dungeon Crawl Stone Soup version 0.20.0-15-g7f486f2 (webtiles) character file.

99 renl the Charmwright (level 4, -5/37 HPs)
             Began as a Draconian Skald on June 22, 2017.
             Killed from afar by Ijyb (8 damage)
             ... with a wand of flame (?/48)
             ... on level 3 of the Dungeon.
             The game lasted 00:09:05 (1731 turns).

renl the Charmwright (Draconian Skald)              Turns: 1731, Time: 00:09:06

Health: -5/37      AC:  6    Str: 13    XL:     4   Next: 45%
Magic:  4/7        EV: 12    Int: 14    God:
Gold:   121        SH:  0    Dex: 13    Spells: 2/8 levels left

rFire    . . .     SeeInvis .   m - +0 mace
rCold    . . .     Gourm    .   (no shield)
rNeg     . . .     Faith    +   (armour unavailable)
rPois    .         Spirit   .   (helmet restricted)
rElec    .         Reflect  .   (no cloak)
rCorr    .         Harm     .   (no gloves)
MR       .....                  t - +0 pair of boots (curse)
Stlth    +.........             s - amulet of faith
Regen    0.2/turn               k - +2 ring of dexterity
MPRegen  0.1/turn               (no ring)

@: shrouded, infused
A: unfitting armour, cold-blooded, AC +5
a: no special abilities


You were on level 3 of the Dungeon.
You were not hungry.

You visited 1 branch of the dungeon, and saw 3 of its levels.

You collected 121 gold pieces.

Inventory:

Hand Weapons
 l - a +0 whip
 m - a +0 mace (weapon)
Armour
 t - a cursed +0 pair of boots (worn)
Jewellery
 k - a +2 ring of dexterity (left hand)
 s - an amulet of faith (around neck)
Scrolls
 d - 2 scrolls of identify {unknown}
 e - a scroll of remove curse {unknown}
 g - 2 scrolls of teleportation {unknown}
 j - 2 scrolls of amnesia {unknown}
 n - 2 scrolls of fear {unknown}
 o - a scroll of recharging {unknown}
 q - a scroll of fog {unknown}
 u - a scroll of enchant armour {unknown}
Potions
 a - a potion of degeneration {unknown}
 h - a potion of lignification {unknown}
 i - a potion of might {unknown}
 p - a potion of curing
 r - a potion of ambrosia {unknown}
Books
 b - a book of Battle

   Spells                             Type                      Level
   a - Infusion                       Charms                       1
   b - Shroud of Golubria             Charms/Translocation         2
   c - Song of Slaying                Charms                       2
   d - Spectral Weapon                Hexes/Charms                 3
   e - Regeneration                   Charms/Necromancy            3
Comestibles
 c - 2 bread rations
 f - 2 royal jellies
 v - 4 chunks of flesh


   Skills:
 + Level 2.4 Fighting
 + Level 2.8 Maces & Flails
 + Level 2.2 Dodging
 + Level 0.2 Stealth
 + Level 2.5 Spellcasting
 * Level 3.7 Charms
 + Level 0.6 Translocations


You had 2 spell levels left.
You knew the following spells:

 Your Spells              Type           Power        Failure   Level  Hunger
a - Infusion              Chrm           ##..         4%          1    #......
b - Shroud of Golubria    Chrm/Tloc      #.........   14%         2    ###....
c - Regeneration          Chrm/Necr      #.........   30%         3    ###....


Dungeon Overview and Level Annotations

Branches:
Dungeon (3/15)

Altars:
Dithmenos

Annotations:
D:3 Ijyb


Innate Abilities, Weirdness & Mutations

Your plain brown scales are hard. (AC +5)
You cannot fit into any form of body armour.
You are cold-blooded and may be slowed by cold attacks.


Message History

Press: ? - help, v - describe, . - travel
Here: Ijyb, wielding a dagger and wearing a leather armour (hasn't noticed you)
The floor.
Unknown command.
Unknown command.
Unknown command.
Casting: Shroud of Golubria
Confirm with . or Enter, or press ? or * to list all spells.
Space distorts slightly along a thin shroud covering your body.
Ijyb shouts!
Casting: Shroud of Golubria
Confirm with . or Enter, or press ? or * to list all spells.
You begin infusing your attacks with magical energy.
You hit Ijyb but do no damage. Ijyb barely misses you.
You hit Ijyb but do no damage. Ijyb hits you but does no damage.
You closely miss Ijyb. Ijyb completely misses you.
You barely miss Ijyb.
Ijyb zaps a wand.
The puff of flame hits you!
* * * LOW HITPOINT WARNING * * *
It is a wand of flame (?/48).
Ijyb zaps a wand.
The puff of flame hits you!
You die...

##.#### #.# #.# ......# #.# #.#
##.##.# ##.## ##'####### #.##.#
##...## ##...##... ##.##.# #..#..#
##.(...#.# #..##.# #.###.###
##........#
...##.#####..#....###.......))###
....................'.......รท.'..
......#####.....@g###.........###
#..#### #.....#.# ##........#
##.### #....##.# ##.....#... #...#
#.##.##.# ##...###### ###.#
#.......# ##'## #.# ####.#### #.#
#.# #. #.# #.# #. #.# #.


You could see Ijyb.

Vanquished Creatures
  A jelly (D:3)
  An adder (D:2)
  3 worms
  A dart slug (D:1)
  4 leopard geckos
  3 giant cockroaches
  6 goblins
  3 hobgoblins
  4 jackals (D:2)
  A quokka (D:2)
  5 bats
  4 frilled lizards
  6 kobolds
  2 rats
44 creatures vanquished.

Notes
Turn   | Place    | Note
-------+----------+-------------------------------------------
     0 | D:1      | renl the Draconian Skald began the quest for the Orb.
     0 | D:1      | Reached XP level 1. HP: 17/17 MP: 3/3
   218 | D:1      | Reached skill level 3 in Charms
   327 | D:1      | Reached XP level 2. HP: 24/24 MP: 5/5
   331 | D:1      | Learned a level 2 spell: Shroud of Golubria
   961 | D:2      | Reached XP level 3. HP: 6/29 MP: 4/6
  1062 | D:2      | Learned a level 3 spell: Regeneration
  1402 | D:3      | Reached XP level 4. HP: 32/37 MP: 0/7
  1497 | D:3      | Found a shadowy altar of Dithmenos.
  1684 | D:3      | Noticed Ijyb
  1731 | D:3      | Killed from afar by Ijyb

Skill      XL: |  1 |
---------------+----+-----
Charms         | 3 |  3.7
Fighting       | |  2.4
Maces & Flails | |  2.8
Dodging        | |  2.2
Stealth        | |  0.2
Spellcasting   | |  2.5
Translocations | |  0.6

Action                   |  1- 3 |  4- 6 || total
-------------------------+-------+-------++-------
Melee: Mace              |    89 |    41 ||   130
       Tailslap          |    10 |     1 ||    11
       Whip              |    11 |       ||    11
 Cast: Infusion          |     8 |     3 ||    11
       Shroud of Golubri |     7 |     4 ||    11
  Use: Potion            |     1 |       ||     1
  Eat: Chunk             |     2 |     2 ||     4
Armor: Skin              |    51 |    13 ||    64
Dodge: Dodged            |    82 |    25 ||   107
